 Dungeon Crawl Stone Soup version 0.28.0-53-g5a82cb258f (webtiles) character file.

Game seed: 15137286573662212724

72 Descartes the Grasshopper (level 4, 0/33 HPs)
             Began as a Formicid Warper on July 11, 2022.
             Slain by Crazy Yiuf
             ... wielding a +4 quarterstaff of chaos
              (13 damage)
             ... on level 2 of the Dungeon.
             The game lasted 00:03:21 (2806 turns).

Descartes the Grasshopper (Formicid Warper)         Turns: 2806, Time: 00:03:21

Health: 0/33       AC:  3    Str: 18    XL:     4   Next: 48%
Magic:  7/7        EV: 11    Int: 12    God:
Gold:   55         SH:  4    Dex: 10    Spells: 7/7 levels left

rFire   . . .      SeeInvis +   l - +2 dagger (vamp)
rCold   . . .      Faith    .   o - +0 buckler
rNeg    . . .      Spirit   .   b - +0 leather armour
rPois   .          Reflect  .   (helmet unavailable)
rElec   .          Harm     .   (no cloak)
rCorr   .          Rampage  .   (no gloves)
Will    .....                   (no boots)
Stlth   +.........              (no amulet)
HPRegen 0.11/turn               (no ring)
MPRegen 0.10/turn               (no ring)

@: lethally poisoned (0 -> -7)
A: permanent stasis, dig shafts and tunnels, antennae 3, four strong arms
a: Dig, Shaft Self


You were on level 2 of the Dungeon.
You visited 1 branch of the dungeon, and saw 2 of its levels.

You collected 55 gold pieces.

Inventory:

Hand Weapons
 a - a +0 hand axe
 i - a +1 dagger of freezing
 l - a +2 vampiric dagger (weapon)
Missiles
 c - 5 boomerangs of dispersal (quivered)
 h - 2 javelins
 j - 34 arrows
 k - 89 stones
 p - 6 boomerangs
 q - 6 poisoned darts
Armour
 b - a +0 leather armour (worn)
 o - a +0 buckler (worn)
Jewellery
 m - a ring of flight
Wands
 u - a wand of acid (7)
Scrolls
 d - a scroll of blinking {unknown}
 e - a scroll of immolation {unknown}
 f - a scroll of holy word {unknown}
 n - 2 scrolls of identify {unknown}
 r - a scroll of fog {unknown}
 t - a scroll of vulnerability {unknown}
Potions
 g - a potion of haste {unknown}
 s - a potion of degeneration {unknown}


   Skills:
 - Level 2.1 Fighting
 + Level 2.7 Axes
 - Level 1.0 Throwing
 + Level 2.3 Armour
 - Level 1.7 Dodging
 + Level 2.0 Shields
 - Level 2.1 Spellcasting
 + Level 3.2 Translocations


You had 7 spell levels left.
You didn't know any spells.
Your spell library contained the following spells:

 Spells                   Type           Power      Damage    Failure   Level
 Gell's Gravitas          Tloc           9%         N/A       30%         3
 Lesser Beckoning         Tloc           9%         N/A       30%         3
 Teleport Other           Tloc           9%         N/A       30%         3
 Manifold Assault         Tloc           9%         N/A       96%         5
 Blink                    Tloc           Unusable   N/A       N/A         2

Dungeon Overview and Level Annotations

Branches:
Dungeon (2/15)

Altars:
Uskayaw

Annotations:
D:2 Crazy Yiuf


Innate Abilities, Weirdness & Mutations

You cannot be hasted, slowed, berserked, paralysed or teleported.
You can dig through walls and to a lower floor.
You have a pair of large antennae on your head. (SInv)
Your four strong arms can wield two-handed weapons with a shield.


Message History

Found a faded altar of an unknown god.
A bat is nearby!
The bat closely misses you.
There is an open door here.
The bat hits you but does no damage. The bat misses you.
The bat hits the plant.
The plant begins to die.
You hit the bat.
The bat is moderately wounded.
The bat barely misses you. The bat closely misses you.
You completely miss the bat.
The bat is moderately wounded.
The bat hits you but does no damage. You block the bat's attack.
The bat hits the plant.
The plant begins to die.
You barely miss the bat.
The bat is moderately wounded.
The bat barely misses you.
You hit the bat.
You kill the bat!
A nearby plant withers and dies.
No target in view!
No target in view!
No target in view!
No target in view!
No target in view!
No target in view!
There is an open door here.
There is an open door here.
You open the door. You barely miss Crazy Yiuf.
Crazy Yiuf hits you with a +4 quarterstaff of chaos!
Crazy Yiuf freezes you.
You hit Crazy Yiuf but do no damage.
Crazy Yiuf hits you with a +4 quarterstaff of chaos.
You are poisoned.
You hit Crazy Yiuf.
You feel better.
Crazy Yiuf is lightly wounded.
You feel very sick.
Crazy Yiuf grits, "Action fast shrimp!"
Crazy Yiuf hits you with a +4 quarterstaff of chaos!
You die...

..###....<#.........#
#.....
.......####.......###
######
♣♣♣...............#
♣÷♣.....###########
####....# ...#....#
...♣.##.##♣♣ ###
.8.'.......♣♣ ♣♣#..)#
...♣.......P♣♣♣♣@g...#
...#..#....P.♣..♣#...#
####..##....♣.♣♣♣ ###
♣÷♣...####♣♣♣♣♣
♣♣♣...# .....## ######


You could see Crazy Yiuf.

Vanquished Creatures
  An adder (D:2)
  A dart slug (D:1)
  8 ball pythons
  7 endoplasms
  A giant cockroach (D:1)
  6 goblins
  A hobgoblin (D:1)
  5 jackals
  3 quokkas
  5 bats
  5 frilled lizards
  9 kobolds
  2 rats
54 creatures vanquished.

Vanquished Creatures (others)
  2 plants (D:2)
2 creatures vanquished.

Grand Total: 56 creatures vanquished

Notes
Turn   | Place    | Note
-------+----------+-------------------------------------------
     0 | D:1      | Descartes the Formicid Warper began the quest for the Orb.
     0 | D:1      | Reached XP level 1. HP: 16/16 MP: 3/3
   395 | D:1      | Reached XP level 2. HP: 15/22 MP: 5/5
   433 | D:1      | Reached skill level 1 in Shields
   925 | D:1      | Reached XP level 3. HP: 25/27 MP: 6/6
  1007 | D:1      | Reached skill level 3 in Translocations
  2095 | D:2      | Reached XP level 4. HP: 23/33 MP: 7/7
  2286 | D:2      | Found a hide-covered altar of Uskayaw.
  2758 | D:2      | Found a runed translucent door.
  2759 | D:2      | Noticed Crazy Yiuf
  2778 | D:2      | Found a faded altar of an unknown god.
  2806 | D:2      | Slain by Crazy Yiuf

Illustrated notes

Levels and vault maps discovered:
D:1:      onia_arrival_pyramid, layout_loops_ring, minmay_pentomino_x2
D:2:      layout_basic, dilly_ecumenical_altar_fadedgnrine, basic_altar,
          palyth_stone_intersect, uniq_crazy_yiuf_cottage

Skill      XL: |  1  2  3  4 |
---------------+-------------+-----
Shields        | 1 2 |  2.0
Translocations | 3 |  3.2
Armour         | 2 |  2.3
Fighting       | |  2.1
Axes           | |  2.7
Throwing       | |  1.0
Dodging        | |  1.7
Spellcasting   | |  2.1

Action                   |  1- 3 |  4- 6 || total
-------------------------+-------+-------++-------
Melee: Hand axe          |   101 |       ||   101
       Punch             |     2 |       ||     2
       Dagger            |    34 |    59 ||    93
Armor: Leather armour    |    37 |    19 ||    56
Dodge: Dodged            |    78 |    52 ||   130
Block: Buckler           |     4 |    18 ||    22
